 Dungeon Crawl Stone Soup version 0.17.1-2-g5865329 (webtiles) character file.

168 Grim the Chucker (level 5, 0/38 HPs)
             Began as a Demonspawn Assassin on Jan 12, 2016.
             Killed by divine providence
             ... invoked by an orc priest
              (12 damage)
             ... on level 4 of the Dungeon.
             The game lasted 00:08:18 (3309 turns).

Grim the Chucker (Demonspawn Assassin)              Turns: 3309, Time: 00:08:19

Health: 0/38       AC:  4    Str: 12    XL:     5   Next: 24%
Magic:  0/5        EV: 11    Int: 12    God:
Gold:   126        SH:  0    Dex: 15    Spells: 0 memorised, 4 levels left

rFire  . . .     SeeInvis .     a - +2 dagger
rCold  . . .     Clarity  .     c - +0 robe
rNeg   . . .     SustAt   .     (no shield)
rPois  .         Gourm    .     (no helmet)
rElec  .         Spirit   +     d - +0 cloak
rCorr  .         Warding  .     i - +0 pair of gloves
rMut   .         Stasis   .     (no boots)
MR     .....                    (no amulet)
Stlth  +++.......               (no ring)
                                (no ring)

@: not resistant to hostile enchantments, fairly stealthy
A: claws 1, nightstalker 1, magic shield
a: no special abilities


You were on level 4 of the Dungeon.
You were not hungry.

You visited 1 branch of the dungeon, and saw 4 of its levels.

You collected 126 gold pieces.

Inventory:

Hand Weapons
 a - a +2 dagger (weapon)
 b - a +0 blowgun
 v - a +0 rapier
Missiles
 e - 11 poisoned needles
 f - 2 curare-tipped needles
Armour
 c - a +0 robe (worn)
 d - a +0 cloak (worn)
 i - a +0 pair of gloves (worn)
Jewellery
 q - a cursed ring of teleportation {unknown}
Scrolls
 k - 5 scrolls of remove curse {unknown}
 l - 2 scrolls of identify {unknown}
 r - a scroll of enchant weapon {unknown}
 t - a scroll of recharging {unknown}
 u - a scroll of teleportation {unknown}
Potions
 n - a potion of magic {unknown}
 p - a potion of curing {unknown}
 s - a potion of might {unknown}
Comestibles
 g - 2 bread rations
 h - a chunk of flesh
 j - a slice of pizza
 m - 2 meat rations


   Skills:
 + Level 2.0 Fighting
 + Level 3.6 Short Blades
 - Level 3.8 Throwing
 - Level 0.8 Dodging
 - Level 3.6 Stealth


You had 4 spell levels left.
You didn't know any spells.

Dungeon Overview and Level Annotations

Branches:
Dungeon (4/15)
 Temple: D:4-7

Altars:


Innate Abilities, Weirdness & Mutations

You have sharp fingernails.
You are slightly more attuned to the shadows.
When hurt, damage is shared between your health and your magic reserves.


Message History

The puff of flame hits you!
* * * LOW HITPOINT WARNING * * *
You hit something. Something hits you but does no damage.
Drink which item? (? for menu, Esc to quit)
It was a potion of heal wounds.
You feel much better. Something hits you.
Something hits you but does no damage.
You miss something. Something hits you but does no damage.
The orc priest mumbles some strange prayers to Beogh against you.
You hit something but do no damage.
You hear some strange, mumbled words.
A puff of flame appears from out of thin air!
The puff of flame hits you!
You hit something.
You hear some strange, mumbled words.
A puff of flame appears from out of thin air!
The puff of flame hits you!
* * * LOW HITPOINT WARNING * * *
The orc priest mumbles some strange prayers to Beogh against you.
Something smites you!
You die...

..... .(oo..# ##
#(o...# #.
.Z.#..# #.
#.....#
#####.##o#...#
......@.o....# #
###.####.#...###.
###......#.......
.........#....##
.####..........#
#...<#......#.#
#..#.######.#
##.#.# #.# # #.#
...


You could see an orc priest and an orc.

Vanquished Creatures
  Jessica (D:3)
  Terence (D:3)
  A gnoll (D:1)
  5 adders
  An ooze (D:1)
  An adder skeleton (D:4)
  A giant gecko (D:1)
  An orc (D:3)
  3 giant cockroaches
  8 goblins
  10 hobgoblins
  4 kobolds
  2 quokkas
  6 bats
  2 giant newts
  13 rats
60 creatures vanquished.

Notes
Turn   | Place    | Note
--------------------------------------------------------------
     0 | D:1      | Grim the Demonspawn Assassin began the quest for the Orb.
     0 | D:1      | Reached XP level 1. HP: 16/16 MP: 1/1
   183 | D:1      | Gained mutation: You are slightly more attuned to the shadows. [demonic ancestry]
   183 | D:1      | Reached XP level 2. HP: 19/22 MP: 2/2
   875 | D:1      | Gained mutation: You have sharp fingernails. [demonic ancestry]
   875 | D:1      | Reached XP level 3. HP: 19/27 MP: 3/3
  1829 | D:2      | Reached XP level 4. HP: 33/33 MP: 4/4
  2183 | D:3      | Noticed Jessica
  2192 | D:3      | Killed Jessica
  2992 | D:3      | Gained mutation: When hurt, damage is shared between your health and your magic reserves. [demonic ancestry]
  2992 | D:3      | Reached XP level 5. HP: 38/38 MP: 5/5
  3004 | D:3      | Noticed Terence
  3041 | D:3      | Killed Terence
  3309 | D:4      | Killed from afar by an orc priest

Action                   |  1- 3 |  4- 6 || total
-------------------------+-------+-------++-------
Melee: Dagger            |    95 |    93 ||   188
 Fire: Blowgun           |    17 |    14 ||    31
  Use: Potion            |     1 |     4 ||     5
 Stab: Sleeping          |    16 |    11 ||    27
  Eat: Chunk             |     3 |     4 ||     7
